 Dungeon Crawl Stone Soup version 0.31.0-32-g396128a36d (webtiles) character file.

Game seed: 1784769994565808498

487976 TacoSundae the Wrestler (level 23, 0/185 (236) HPs)
             Began as a Troll Shapeshifter on Apr 9, 2024.
             Was the Champion of Dithmenos.
             Slain by an Executioner (3 damage)
             ... on level 7 of the Abyss.
             The game lasted 03:40:43 (43431 turns).

TacoSundae the Wrestler (Troll Shapeshifter)       Turns: 43431, Time: 03:40:44

HP:   0/185 (236)   AC:  7    Str: 30    XL:     23   Next: 53%
MP:   21/29         EV: 13    Int: 13    God:    Dithmenos [******]
Gold: 3172          SH:  5    Dex: 13    Spells: 22/22 levels left

rFire   + +          .
                       - Unarmed
rCold   + + .        (no shield)
rNeg    + + +        B - +2 robe {rC+}
rPois   ∞            P - +1 hat
rElec   .            O - scarf {repulsion}
rCorr   +            (gloves unavailable)
SInv    +            (boots unavailable)
Will    ∞            R - amulet of reflection
Stlth   +++          x - ring "Kyixuo Paty" {rF++ rCorr Str-2 SInv}
HPRegen 1.30/turn    S - ring "Jeufelan" {rC+ Int+7}
MPRegen 0.21/turn

%: repel missiles, reflection
@: shadow-form, wreathed by umbra, heavily drained, invisible
A: shadow resist, half damage, bleed smoke, invisible, large, unfitting armour,
claws 3, regeneration 1, shaggy fur 1, tough skin 1
}: 3/15 runes: serpentine, barnacled, abyssal
a: End Transformation, Renounce Religion, Shadow Step, Shadow Form


You were on level 7 of the Abyss.
You worshipped Dithmenos.
Dithmenos was exalted by your worship.
You were a swirling mass of dark shadows.
You visited 9 branches of the dungeon, and saw 40 of its levels.
You visited the Abyss 2 times.
You also visited: Desolation.

You collected 6131 gold pieces.
You spent 2959 gold pieces at shops.

Inventory:

Missiles
 a - 93 large rocks (quivered)
 X - 3 throwing nets
Armour
 n - a scarf of shadows
 B - a +2 robe of cold resistance (worn)
 O - a scarf of repulsion (worn)
 P - a +1 hat (worn)
Jewellery
 g - the ring of Starshine {+Blink Str+3 Int+6 SInv}
   (You took it off an imperial myrmidon in the Desolation of Salt)

   [ring of intelligence]

   Str+3:     It affects your strength (+3).
   Int+6:     It affects your intelligence (+6).
   SInv:      It lets you see invisible.
   +Blink:    It lets you blink.
 t - the ring of Emimuyx {Fly EV+5}
   (You bought it in a shop on level 2 of the Dungeon)

   [ring of evasion]

   EV+5:      It affects your evasion (+5).
   Fly:       It grants you flight.
 x - the ring "Kyixuo Paty" (left claw) {rF++ rCorr Str-2 SInv}
   (You bought it in a shop on level 1 of the Snake Pit)

   [ring of resist corrosion]

   Str-2:     It affects your strength (-2).
   rF++:      It greatly protects you from fire.
   SInv:      It lets you see invisible.
   rCorr:     It protects you from acid and corrosion.
 R - an amulet of reflection (around neck)
 S - the ring "Jeufelan" (right claw) {rC+ Int+7}
   (You found it on level 13 of the Dungeon)

   [ring of protection from cold]

   Int+7:     It affects your intelligence (+7).
   rC+:       It protects you from cold.
Talismans
 c - a beast talisman
 d - a flux talisman
 f - a granite talisman (active)
 v - a talisman of death
 D - a serpent talisman
 Q - a maw talisman
 Y - a dragon-blood talisman
Wands
 r - a wand of flame (50)
 w - a wand of mindburst (34)
 F - a wand of light (9)
 I - a wand of iceblast (27)
 T - a wand of digging (6)
Scrolls
 m - 9 scrolls of teleportation
 p - 6 scrolls of enchant armour
 s - 17 scrolls of identify
 u - 2 scrolls of silence
 y - 4 scrolls of fear
 C - 4 scrolls of fog
 E - 2 scrolls of blinking
 G - 7 scrolls of poison
 L - 5 scrolls of revelation
 V - 2 scrolls of brand weapon
Potions
 b - 5 potions of lignification
 e - 4 potions of might
 i - 3 potions of ambrosia
 j - 6 potions of mutation
 k - 13 potions of curing
 l - 5 potions of magic
 o - 5 potions of attraction
 q - 4 potions of haste
 z - 5 potions of enlightenment
 A - 3 potions of invisibility
 H - a potion of heal wounds
 J - 2 potions of cancellation
 M - 3 potions of berserk rage
 U - a potion of resistance
Miscellaneous
 K - a phial of floods
 N - a tin of tremorstones (2/2)


   Skills:
 + Level 15.4 Fighting
 + Level 13.1 Throwing
 - Level 8.1 Dodging
 + Level 23.3 Unarmed Combat
 - Level 10.4 Invocations
 - Level 5.4 Evocations
 + Level 23.2 Shapeshifting


You had 22 spell levels left.
You didn't know any spells.
Your spell library contained the following spells:

 Spells                   Type           Power      Damage    Failure   Level
 Freeze                   Ice            0%         1d3       30%         1
 Kiss of Death            Conj/Necr      0%         2d5       30%         1
 Magic Dart               Conj           0%         1d3       30%         1
 Necrotise                Necr           0%         1d4       30%         1
 Sandblast                Erth           0%         2d4       30%         1
 Blink                    Tloc           0%         N/A       43%         2
 Call Imp                 Summ           0%         N/A       43%         2
 Cigotuvi's Dreadful Rot  Necr/Alch/Air  0%         N/A       43%         2
 Jinxbite                 Hex            0%         N/A       43%         2
 Lesser Beckoning         Tloc           0%         N/A       43%         2
 Momentum Strike          Conj/Tloc      0%         3d8       43%         2
 Searing Ray              Conj           0%         2d4       43%         2
 Static Discharge         Conj/Air       0%         3-3/arc   43%         2
 Confusing Touch          Hex            0%         N/A       67%         3
 Frozen Ramparts          Ice            0%         1d1       67%         3
 Fugue of the Fallen      Necr           0%         N/A       67%         3
 Hailstorm                Conj/Ice       0%         3d5       67%         3
 Inner Flame              Hex/Fire       0%         N/A       67%         3
 Mephitic Cloud           Conj/Alch/Air  0%         N/A       67%         3
 Passwall                 Erth           0%         N/A       67%         3
 Stone Arrow              Conj/Erth      0%         3d7       67%         3
 Vampiric Draining        Necr           0%         2d6       67%         3
 Airstrike                Air            0%         2d(0-16)  97%         4
 Animate Armour           Summ/Erth      0%         N/A       97%         4
 Animate Dead             Necr           0%         N/A       97%         4
 Brom's Barrelling Bould  Conj/Erth      0%         2d3       97%         4
 Cause Fear               Hex            0%         N/A       97%         4
 Dispel Undead            Necr           0%         3d6       97%         4
 Fulminant Prism          Conj/Alch      0%         3d5       97%         4
 Ignite Poison            Fire/Alch      0%         N/A       97%         4
 Leda's Liquefaction      Alch/Erth      0%         N/A       97%         4
 Martyr's Knell           Necr/Summ      0%         N/A       97%         4
 Olgreb's Toxic Radiance  Alch           0%         N/A       97%         4
 Petrify                  Alch/Erth      0%         N/A       97%         4
 Sticky Flame             Fire/Alch      0%         2d4       97%         4
 Summon Lightning Spire   Summ/Air       0%         N/A       97%         4
 Vhi's Electric Charge    Tloc/Air       0%         N/A       97%         4
 Alistair's Intoxication  Alch           0%         N/A       100%        5
 Arcjolt                  Conj/Air       0%         1d10      100%        5
 Borgnjor's Vile Clutch   Necr/Erth      0%         N/A       100%        5
 Curse of Agony           Necr           0%         N/A       100%        5
 Fireball                 Conj/Fire      0%         3d3       100%        5
 Freezing Cloud           Conj/Ice/Air   0%         6-21      100%        5
 Irradiate                Conj/Alch      0%         3d11      100%        5
 Metabolic Englaciation   Hex/Ice        0%         N/A       100%        5
 Yara's Violent Unravell  Hex/Alch       0%         3d3       100%        5
 Death Channel            Necr           0%         N/A       100%        6
 Eringya's Noxious Bog    Alch           0%         4d6       100%        6
 Plasma Beam              Fire/Air       0%         2x1d10    100%        6
 Enfeeble                 Hex            0%         N/A       100%        7
 Ozocubu's Refrigeration  Ice            0%         4d7       100%        7
 Discord                  Hex            0%         N/A       100%        8
 Ignition                 Fire           0%         3d3       100%        8
 Lehudib's Crystal Spear  Conj/Erth      0%         10d2      100%        8
 Dragon's Call            Summ           0%         N/A       100%        9
 Sublimation of Blood     Necr           Unusable   N/A       N/A         2

Dungeon Overview and Level Annotations

Branches:
Dungeon (15/15)            Temple (1/1) D:7            Lair (5/5) D:11
 Shoals (4/4) Lair:2        Snake (4/4) Lair:2        Slime (0/5) Lair:5
    Orc (2/2) D:10            Elf (0/3) Orc:2        Vaults (4/5) D:14
  Crypt (1/3) Vaults:2     Depths (4/4) D:15            Zot (0/5) Depths:4
Desolation (visited)

Altars:
Ashenzari
Cheibriados
Dithmenos
Elyvilon
Fedhas
Gozag
Hepliaklqana
Kikubaaqudgha
Makhleb
Nemelex Xobeh
Okawaru
Qazlal
Ru
Sif Muna
Trog
Uskayaw
Vehumet
Wu Jian
Xom
Yredelemnul
Zin
The Shining One

Shops:
D:2 =   D:3 (   D:4 *   D:15 *   Orc:1 :*(   Orc:2 =[[??   Shoals:2 (
Shoals:3 *   Snake:1 ==:   Vaults:1 [([   Vaults:2 :   Vaults:4 (   Depths:3 ?

Portals:
Hell: Depths:1 Depths:2 Depths:3 Depths:4*
Abyss: Depths:1 Depths:3
Pandemonium: Orc:2 Depths:1 Depths:2 Depths:3
Ziggurat: Depths:2
Trove: D:12 (give +2 shadow dragon scales)

Annotations:
Depths:4 2 transporters, Jeafe's ghost, veteran HOBe


Innate Abilities, Weirdness & Mutations

You are a swirling mass of dark shadows.
You are immune to unholy torment and to willpower attacks.
Damage taken is halved, but you are drained when taking damage.
Your attacks are insubstantial and do half damage.
You bleed smoke when taking damage.
You are invisible.
Your spellcasting is less reliable in this form.
You are too large for most types of armour.
You are immune to poison.
You have claws for hands.
Your natural rate of healing is unusually fast.
You are covered in fur. (AC +1)
You have tough skin. (AC +1)


Message History

The Executioner gestures.
The Executioner seems to speed up.
You hear a roar!
You hear an angry hiss.
You hear a roar!
The Executioner barely misses you.
The Executioner hits you but does no damage.
The Executioner hits you.
* * * LOW HITPOINT WARNING * * *
You emit a cloud of dark smoke.
You feel drained.
The Executioner hits you but does no damage. x2
The Executioner hits you.
* * * LOW HITPOINT WARNING * * *
You emit a cloud of dark smoke.
You feel drained. The Executioner hits you!
* * * LOW HITPOINT WARNING * * *
You emit a cloud of dark smoke.
You feel drained. The Executioner hits you.
* * * LOW HITPOINT WARNING * * *
You emit a cloud of dark smoke.
You feel drained.
The Executioner hits you but does no damage.
You hear a roar!
The Executioner attacks as it pursues you!
The Executioner hits you.
* * * LOW HITPOINT WARNING * * *
You emit a cloud of dark smoke.
You feel drained. You block the Executioner's attack. The Executioner hits you.
* * * LOW HITPOINT WARNING * * *
You emit a cloud of dark smoke.
You feel drained.
The Executioner hits you but does no damage.
The Executioner completely misses you. The Executioner closely misses you.
Unknown command.
Found a gateway leading out of the Abyss.
The Executioner closely misses you. x2; The Executioner barely misses you.
The Executioner hits you!
* * * LOW HITPOINT WARNING * * *
You emit a cloud of dark smoke.
You feel drained. The Executioner hits you.
* * * LOW HITPOINT WARNING * * *
You emit a cloud of dark smoke.
You feel drained. The Executioner hits you.
* * * LOW HITPOINT WARNING * * *
You emit a cloud of dark smoke.
You feel drained. You block the Executioner's attack.
The Executioner hits you. x2
You die...

..... ##.#
##..... ∩...
........ ..... #
.....#
#......#.....##
#...§#.§§....# #
#....§X§§...##.#.
#.#.#W##. #.....
.#...##1#§.....#
#.....#§§§...#
......#§##...#
#.....#.# §~...#
##...##~X~ ..#...
..... ......## #.
.... ...#.X~..#
.. .§........#


You could see an Executioner (fast) and a large abomination (wandering, unable
to see you).

Vanquished Creatures
  Frederick (Depths:4)
  Boris (twice) (Vaults:2 Vaults:4)
  Saint Roka (Snake:2)
  A golden dragon (Depths:3)
  4 profane servitors
  Jory (Depths:4)
  3 bone dragons
  A hellephant (Depths:3)
  Rupert (D:13)
  A tentacled monstrosity (Abyss:4)
  2 liches
  A walking frostbound tome (Depths:3)
  An acid blob (Abyss:5)
  3 sphinxes
  A kraken (Shoals:3)
  11 tentacled starspawn
  2 storm dragons
  4 tengu reavers
  2 nagarajas
  Donald (Snake:4)
  3 daevas
  A draconian monk (Depths:4)
  5 fire giants
  3 frost giants
  14 vault wardens
  A caustic shrike zombie (Abyss:4)
  A cacodemon (Abyss:5)
  2 draconian scorchers (Depths:4)
  An orc warlord (Vaults:4)
  4 spectral caustic shrikes (Depths:4)
  2 reapers
  An imperial myrmidon (Desolation)
  5 formless jellyfish
  4 angels
  2 spriggan defenders
  13 stone giants
  18 ironbound preservers
  3 vampire knights
  5 ironbound thunderhulks
  22 very ugly things
  2 ophanim (Abyss:5)
  A green draconian (Depths:4)
  A deep elf annihilator (Vaults:4)
  A white draconian (Depths:4)
  A deep elf death mage (Vaults:2)
  A red draconian (Depths:4)
  Azrael (D:12)
  3 spark wasps (Depths:1)
  37 dire elephants
  A war gargoyle (Vaults:3)
  A yellow draconian (Depths:4)
  4 crystal guardians
  A green death (Depths:1)
  10 fire dragons
  4 blizzard demons
  Josephine (Orc:2)
  An eidolon (Abyss:2)
  9 ragged hierophants (Desolation)
  10 yaktaur captains
  6 ettins
  2 merfolk javelineers
  An entropy weaver (Vaults:3)
  6 merfolk impalers
  A deep elf high priest (Vaults:3)
  14 vault guards
  Harold (Orc:1)
  6 great orbs of eyes
  4 rakshasas
  10 servants of whispers (Desolation)
  Erolcha (Orc:2)
  9 hydras
  5 ice dragons
  Erica (D:10)
  3 salamander tyrants (Snake:4)
  4 merfolk aquamancers
  2 alligator snapping turtles
  7 peacekeepers
  2 demonspawn (Orc:2)
  13 centaur warriors
  8 ironbound frosthearts
  3 spriggan air magi
  The ghost of TacoSundae the Grappler, a journeyman VSSh of Makhleb (Lair:3)
  2 ogre magi
  3 merfolk avatars
  2 dancing weapons (Abyss:5)
  6 boulder beetles
  15 two-headed ogres
  A satyr (Shoals:4)
  7 anacondas
  3 catoblepae
  3 hell hogs (Abyss:4)
  7 deep troll earth magi
  A death knight (Vaults:2)
  6 death yaks (Lair:5)
  7 shock serpents
  A holy swine (Abyss:5)
  4 tengu warriors
  11 thrashing horrors (Abyss:5)
  5 naga warriors
  2 occultists
  A spriggan berserker (Depths:4)
  3 vampire magi
  5 deep troll shamans (Depths:1)
  11 naga sharpshooters
  7 orc high priests (Orc:2)
  Urug (Orc:2)
  4 soul eaters
  3 hell knights (Depths:1)
  11 iron trolls
  A sixfirhy (Abyss:5)
  3 skysharks
  4 sun demons
  9 wretched stars
  A skeletal warrior (D:13)
  A shadow wraith (Abyss:6)
  Lodul (D:14)
  2 salamander mystics (Snake:4)
  18 sea snakes
  4 naga ritualists
  6 arcanists
  A flayed ghost (Depths:3)
  A golden dragon zombie (Depths:2)
  6 glowing orange brains
  45 deep trolls
  16 mana vipers
  An obsidian statue (Depths:1)
  2 spectral anacondas (Snake:2)
  24 ironbound convokers
  3 phantasmal warriors
  Pikel (D:5)
  2 deep elf pyromancers (D:14)
  6 orc knights
  11 lindwurms
  An oklob plant (D:11)
  A wolf spider (D:15)
  24 harpies
  7 necromancers
  A deep elf zephyrmancer (D:15)
  8 orc sorcerers
  12 salamanders
  5 worldbinders
  24 manticores
  58 ugly things
  9 merfolk sirens
  A frost giant skeleton (Vaults:3)
  12 cyclopes
  10 elephants
  7 fauns
  12 guardian serpents
  3 meliai (D:14)
  28 black mambas
  A rust devil (Depths:1)
  4 smoke demons
  13 vault sentinels
  21 naga magi
  2 eyes of devastation
  A torpor snail (Lair:4)
  9 water nymphs
  2 apocalypse crabs
  A storm dragon simulacrum (Depths:2)
  A titan simulacrum (Vaults:3)
  21 large abominations
  A guardian serpent (shapeshifter) (D:15)
  15 cane toads
  2 spectral sea snakes (Snake:2)
  3 orange demons
  9 komodo dragons
  A hellion (Abyss:3)
  A freezing wraith (D:14)
  2 centaur skeletons (D:15)
  A human zombie (Vaults:3)
  3 unseen horrors
  22 yaktaurs
  A spark wasp simulacrum (Depths:2)
  A tormentor (Abyss:3)
  Maggie (D:8)
  A red devil (Depths:1)
  3 rime drakes
  2 ancient zymes
  11 tengu conjurers
  An ice devil (Orc:2)
  19 starcursed masses
  11 wind drakes
  4 hornets
  2 sea snake skeletons (Snake:2)
  24 merfolk
  9 trolls
  A hellwing (Abyss:5)
  A spectral guardian serpent (Snake:2)
  14 raiju
  6 polar bears (Lair:5)
  61 saltlings (Desolation)
  25 dream sheep
  21 blink frogs
  12 snapping turtles
  A glass eye (Lair:5)
  19 slime creatures
  14 spriggans
  3 shadows
  8 wraiths
  9 wyverns
  A spriggan (shapeshifter) (D:13)
  4 ynoxinuls
  A human (Lair:5)
  A yak (shapeshifter) (D:14)
  12 water elementals
  6 fire elementals
  5 vampire mosquitoes
  A warg (Orc:2)
  43 yaks
  2 steam dragons
  6 basilisks
  7 neqoxecs
  2 sea snake simulacra (Snake:2)
  4 chaos spawn
  33 nagas
  An acid dragon (D:12)
  The ghost of SFR the Shooter, an amateur DEFi (D:4)
  12 water moccasins
  6 hell hounds
  2 guardian serpent simulacra (Snake:2)
  14 laughing skulls (Abyss:5)
  33 orc warriors
  3 sky beasts
  3 black bears (Lair:5)
  4 ice beasts
  12 ogres
  8 small abominations
  7 boggarts
  35 wolves
  7 centaurs
  The ghost of mainiacjoe the Insei, an amateur MfSh (D:3)
  4 kobold brigands
  3 lemures
  4 weeping skulls (Abyss:4)
  13 bullfrogs
  A gnoll sergeant (D:8)
  4 naga simulacra (Snake:2)
  4 scorpions
  13 wights
  2 spectral nagas (Snake:2)
  14 killer bees
  10 electric eels
  8 howler monkeys
  4 lava snakes (Lair:3)
  3 bombardier beetles
  A gnoll bouda (D:6)
  5 jellies
  19 orc priests
  A water moccasin simulacrum (D:4)
  A sleepcap (D:6)
  17 orc wizards
  A boggart skeleton (D:15)
  A bullfrog simulacrum (D:4)
  13 gnolls
  14 adders
  3 white imps
  2 ufetubi (D:6)
  4 dart slugs
  3 adder simulacra (D:4)
  63 orcs
  2 bats (D:2)
  8 endoplasms
  2 giant cockroaches
  8 goblins
  7 hobgoblins
  6 jackals
  18 kobolds
  2 quokkas
  8 ball pythons
  6 frilled lizards
  9 rats
  A lurking horror (Abyss:6)
  A starspawn tentacle (Abyss:5)
1889 creatures vanquished.

Vanquished Creatures (others)
  An angel (D:10)
  A tengu conjurer (Depths:1)
  A laughing skull (Abyss:5)
  19 starspawn tentacles
  4 tentacles (Shoals:3)
26 creatures vanquished.

Grand Total: 1915 creatures vanquished

Notes
Turn   | Place    | Note
-------+----------+-------------------------------------------
     0 | D:1      | TacoSundae the Troll Shapeshifter began the quest for the
                  | Orb.
     0 | D:1      | Reached XP level 1. HP: 18/18 MP: 0/0
   240 | D:1      | Reached XP level 2. HP: 26/26 MP: 1/1
   621 | D:2      | Reached XP level 3. HP: 29/32 MP: 2/2
   758 | D:2      | Reached XP level 4. HP: 40/40 MP: 3/3
   881 | D:2      | Found Reda's Jewellery Boutique.
  1057 | D:3      | Noticed mainiacjoe's ghost (amateur MfSh)
  1057 | D:3      | Found a runed translucent gate.
  1057 | D:3      | Found a runed translucent gate.
  1057 | D:3      | Found a runed translucent gate.
  1058 | D:3      | Noticed a kobold brigand
  1125 | D:3      | Found a shimmering blue altar of Sif Muna.
  1125 | D:3      | Found a stormy altar of Qazlal.
  1147 | D:3      | Found a shadowy altar of Dithmenos.
  1151 | D:3      | Found a burning altar of Makhleb.
  1351 | D:3      | Found Edawiyti's Weapon Shop.
  1412 | D:3      | Identified the +2 flail of Misery {holy, rElec rF+ rC+}
  1445 | D:3      | Found an iron altar of Okawaru.
  1843 | D:4      | Reached XP level 5. HP: 37/46 MP: 4/4
  1868 | D:4      | Found a runed translucent gate.
  1923 | D:4      | Reached skill level 5 in Unarmed Combat
  2021 | D:4      | Noticed SFR's ghost (amateur DEFi)
  2033 | D:4      | Noticed an ice beast
  2062 | D:4      | Reached XP level 6. HP: 53/54 MP: 5/5
  2087 | D:4      | Found Iggeih's General Store.
  2162 | D:4      | Reached skill level 5 in Shapeshifting
  2329 | D:4      | Found a runed translucent gate.
  2330 | D:4      | Found a runed translucent gate.
  2579 | D:5      | Entered Level 5 of the Dungeon
  2616 | D:5      | Noticed Pikel
  2631 | D:5      | Killed Pikel
  2632 | D:5      | Reached XP level 7. HP: 10/61 MP: 6/6
  2685 | D:5      | Found a hide-covered altar of Uskayaw.
  2949 | D:5      | Found a bloodstained altar of Trog.
  2973 | D:5      | Found an ancient bone altar of Kikubaaqudgha.
  3142 | D:5      | Reached XP level 8. HP: 68/68 MP: 7/7
  4199 | D:7      | Reached XP level 9. HP: 66/75 MP: 8/8
  4271 | D:7      | Reached skill level 1 in Fighting
  4347 | D:7      | Found a staircase to the Ecumenical Temple.
  4362 | Temple   | Entered the Ecumenical Temple
  4528 | D:3      | Became a worshipper of Dithmenos the Shadowed
  4621 | D:4      | Killed SFR's ghost
  4815 | D:3      | Killed mainiacjoe's ghost
  5189 | D:7      | Reached * piety under Dithmenos
  5261 | D:7      | Reached skill level 10 in Unarmed Combat
  5612 | D:8      | Noticed Maggie
  5634 | D:8      | Killed Maggie
  5638 | D:8      | Reached XP level 10. HP: 91/91 MP: 9/9
  5805 | D:8      | Noticed a boulder beetle
  5818 | D:8      | Killed a boulder beetle
  5889 | D:8      | Noticed a five-headed hydra
  5898 | D:8      | Killed a five-headed hydra
  5900 | D:8      | Noticed a boulder beetle
  5925 | D:8      | Killed a boulder beetle
  5925 | D:8      | Reached ** piety under Dithmenos
  6007 | D:8      | Noticed a centaur warrior
  6007 | D:8      | Noticed a cyclops
  6017 | D:8      | Killed a centaur warrior
  6038 | D:8      | Killed a cyclops
  6195 | D:8      | Reached XP level 11. HP: 101/101 MP: 10/10
  6972 | D:9      | Reached skill level 5 in Dodging
  6978 | D:9      | HP: 5/101 [something (8)]
  7145 | D:9      | Found an opulent altar of Gozag.
  7205 | D:9      | Reached skill level 10 in Shapeshifting
  7307 | D:9      | Reached skill level 5 in Fighting
  7758 | D:9      | Reached *** piety under Dithmenos
  7951 | D:10     | Entered Level 10 of the Dungeon
  8326 | D:10     | Found a shimmering altar of Xom.
  8326 | D:10     | Found a glowing silver altar of Zin.
  8327 | D:10     | Noticed an angel
  8674 | D:10     | Found a staircase to the Orcish Mines.
  8757 | D:10     | Noticed Erica
  8766 | D:10     | Killed Erica
  9121 | D:11     | Found a staircase to the Lair.
  9126 | D:11     | Noticed an oklob plant
  9147 | D:11     | Killed an oklob plant
  9195 | D:11     | Noticed a boulder beetle
  9220 | D:11     | Killed a boulder beetle
  9388 | D:11     | Noticed a two-headed ogre
  9454 | D:11     | Killed a two-headed ogre
  9455 | D:11     | Reached XP level 12. HP: 81/111 MP: 11/11
  9475 | D:11     | Noticed a two-headed ogre
  9483 | D:11     | Killed a two-headed ogre
  9702 | D:11     | Found a sparkling altar of Nemelex Xobeh.
  9982 | D:11     | Noticed a two-headed ogre
  9989 | D:11     | Killed a two-headed ogre
 10104 | Lair:1   | Entered Level 1 of the Lair of Beasts
 10135 | Lair:1   | Noticed a catoblepas
 10142 | Lair:1   | Killed a catoblepas
 11033 | Lair:2   | Reached **** piety under Dithmenos
 11612 | Lair:2   | Reached skill level 15 in Shapeshifting
 11623 | Lair:2   | Reached XP level 13. HP: 119/119 MP: 12/12
 11646 | Lair:2   | Found a staircase to the Shoals.
 11971 | Lair:2   | Found a staircase to the Snake Pit.
 12337 | Lair:3   | Found a runed translucent door.
 12338 | Lair:3   | Noticed TacoSundae's ghost (journeyman VSSh)
 12355 | Lair:3   | Killed TacoSundae's ghost
 12360 | Lair:3   | Reached ***** piety under Dithmenos
 14041 | Lair:5   | Entered Level 5 of the Lair of Beasts
 14154 | Lair:5   | Reached XP level 14. HP: 76/131 MP: 7/13
 14193 | Lair:5   | Found a staircase to the Slime Pits.
 14505 | Lair:5   | Reached ****** piety under Dithmenos
 15165 | Lair:5   | Found a runed translucent door.
 15174 | Lair:5   | Noticed a tentacled starspawn
 15197 | Lair:5   | Killed a tentacled starspawn
 15718 | D:12     | Found a portal to a secret trove of treasure.
 15719 | D:12     | Noticed Azrael
 15727 | D:12     | Killed Azrael
 15728 | D:12     | Reached skill level 15 in Unarmed Combat
 16257 | D:12     | Found a burning altar of Makhleb.
 16257 | D:12     | Noticed an Executioner
 16386 | D:13     | Noticed Rupert
 16402 | D:13     | Killed Rupert
 16768 | D:13     | Reached skill level 1 in Throwing
 16865 | D:13     | Identified the ring "Jeufelan" {rC+ Int+7}
 16907 | D:13     | Reached XP level 15. HP: 143/143 MP: 11/14
 17237 | D:14     | Noticed Lodul
 17411 | D:14     | Killed Lodul
 17466 | D:14     | Found a gate to the Vaults.
 17874 | D:14     | Identified the +8 shortbow "Ogreslayer" {heavy, rElec rC-
                  | Int-5 Dex+9}
 18027 | D:15     | Entered Level 15 of the Dungeon
 18127 | D:15     | Found Ylimar's Assorted Antiques.
 18134 | D:15     | Bought a potion of haste for 250 gold pieces
 18134 | D:15     | Bought a scroll of teleportation for 75 gold pieces
 18441 | D:15     | Found a sacrificial altar of Ru.
 19039 | D:15     | Found a staircase to the Depths.
 19184 | Orc:1    | Entered Level 1 of the Orcish Mines
 19184 | Orc:1    | Noticed Harold
 19184 | Orc:1    | Found Zyvvura's Book Emporium.
 19187 | Orc:1    | Killed Harold
 19243 | Orc:1    | Found Cekh's Assorted Antiques.
 19335 | Orc:1    | Found Adaang's Antique Armour Shoppe.
 19669 | Orc:2    | Entered Level 2 of the Orcish Mines
 19722 | Orc:2    | Found Oxiecroo's Armour Shoppe.
 19756 | Orc:2    | Noticed Erolcha
 19763 | Orc:2    | Killed Erolcha
 19796 | Orc:2    | Noticed Josephine
 19805 | Orc:2    | Killed Josephine
 19892 | Orc:2    | Reached skill level 5 in Throwing
 19892 | Orc:2    | Reached XP level 16. HP: 156/156 MP: 15/15
 19967 | Orc:1    | Found a transporter.
 20041 | Orc:1    | Found a transporter.
 20046 | Orc:1    | Found Ywnont's Weapon Shoppe.
 20167 | Orc:2    | Noticed Urug
 20175 | Orc:2    | Killed Urug
 20234 | Orc:2    | Found Nalyigg's Magic Scroll Emporium.
 20251 | Orc:2    | Found Kikesarch's Magic Scroll Shoppe.
 20269 | Orc:2    | Reached skill level 1 in Invocations
 20373 | Orc:2    | Bought a scroll of blinking for 97 gold pieces
 20373 | Orc:2    | Bought a scroll of teleportation for 39 gold pieces
 20373 | Orc:2    | Bought a scroll of teleportation for 39 gold pieces
 20373 | Orc:2    | Bought a scroll of teleportation for 39 gold pieces
 20634 | Orc:2    | Paralysed by an orc sorcerer for 5 turns
 20708 | Orc:2    | Found Deot Bio's Jewellery Boutique.
 20708 | Orc:2    | Found a one-way gate leading to the halls of Pandemonium.
 20708 | Orc:2    | Found Jyrch's Antique Armour Shop.
 20741 | Orc:2    | Bought a scroll of acquirement for 832 gold pieces
 20741 | Orc:2    | Acquired the ring "Gauceinloi" {Fly rF+ AC+4 Dex-5}
 20785 | Orc:2    | Found a staircase to the Elven Halls.
 21181 | Snake:1  | Entered Level 1 of the Snake Pit
 21395 | Snake:1  | Found Zelurup's Jewellery Emporium.
 21396 | Snake:1  | Found Haekk's Book Boutique.
 21397 | Snake:1  | Found Kuroqes's Jewellery Emporium.
 21402 | Snake:1  | Bought the ring "Kyixuo Paty" {rF++ rCorr Str-2 SInv} for
                  | 578 gold pieces
 22066 | Snake:2  | Noticed Saint Roka
 22077 | Snake:2  | Killed Saint Roka
 22167 | Snake:2  | Reached skill level 10 in Fighting
 23458 | Snake:3  | Found a runed translucent gate.
 23458 | Snake:3  | Found a runed translucent gate.
 23458 | Snake:3  | Found a runed translucent gate.
 23965 | Snake:3  | Reached XP level 17. HP: 166/166 MP: 19/19
 23972 | Snake:3  | Reached skill level 5 in Invocations
 24038 | Snake:4  | Entered Level 4 of the Snake Pit
 24039 | Snake:4  | Noticed Donald
 24049 | Snake:4  | Killed Donald
 25418 | Snake:4  | Reached skill level 10 in Invocations
 25465 | Snake:4  | Got a serpentine rune of Zot
 25655 | Shoals:1 | Entered Level 1 of the Shoals
 26953 | Shoals:2 | Found Fattuq's Weapon Shoppe.
 26961 | Shoals:2 | Reached XP level 18. HP: 176/176 MP: 24/24
 27967 | Shoals:3 | Found Ymiah's Gadget Gallery.
 28825 | Shoals:4 | Entered Level 4 of the Shoals
 29375 | Shoals:4 | Got a barnacled rune of Zot
 29708 | Shoals:4 | Identified the +6 scimitar of Jatisoes {spect, rElec rC+
                  | Int-5 SInv}
 29976 | Vaults:1 | Entered Level 1 of the Vaults
 30220 | Vaults:1 | Found Bilirch's Antique Armour Boutique.
 30223 | Vaults:1 | Bought an embroidered hat for 238 gold pieces
 30298 | Vaults:1 | Found Daadidec's Antique Armour Boutique.
 30589 | Vaults:1 | Found Dyqez's Antique Weapon Emporium.
 31234 | Vaults:2 | Reached XP level 19. HP: 152/189 MP: 25/25
 31388 | Vaults:2 | Reached skill level 10 in Throwing
 32035 | Vaults:2 | Noticed Boris
 32042 | Vaults:2 | Killed Boris
 32123 | Vaults:2 | Found Teoz's Book Emporium.
 32448 | Vaults:2 | Found a staircase to the Crypt.
 33157 | Crypt:1  | Entered Level 1 of the Crypt
 33417 | Vaults:3 | Found a crumbling gateway.
 33448 | Desolati | Entered the Desolation of Salt
 33599 | Desolati | Identified the +0 morningstar of Defence by Offence
                  | {freeze, Int+5}
 33665 | Desolati | Reached XP level 20. HP: 201/201 MP: 26/26
 33827 | Desolati | Identified the +8 war axe of Abuse {heavy, Dex+3}
 33836 | Desolati | Got the Anthology of Destruction
 33875 | Desolati | Identified the +9 demon blade of a bailey {pain, ^Drain rN+
                  | Dex+5}
 33875 | Desolati | Identified the orb of Vev Woycoa {guile, +Blink SInv Ice}
 33875 | Desolati | Identified the ring of Starshine {+Blink Str+3 Int+6 SInv}
 35093 | Vaults:3 | Identified the +5 sling "Moptilaq" {flame, rCorr Dex+4}
 35578 | Vaults:4 | Reached skill level 1 in Evocations
 35776 | Vaults:4 | Found Ziskan's Weapon Shop.
 35888 | Vaults:4 | Noticed Boris
 35894 | Vaults:4 | Killed Boris
 36006 | Vaults:4 | Reached XP level 21. HP: 213/213 MP: 27/27
 36487 | D:2      | Bought the ring of Emimuyx {Fly EV+5} for 541 gold pieces
 36784 | Depths:1 | Entered Level 1 of the Depths
 37016 | Depths:1 | Found a one-way gate to the infinite horrors of the Abyss.
 37700 | Depths:1 | Found a gateway to Hell.
 38442 | Depths:2 | Reached skill level 5 in Evocations
 38537 | Depths:2 | Found a one-way gateway to a ziggurat.
 38543 | Depths:2 | Got the Vellum of the Creeping Fjord
 38965 | Depths:2 | Reached XP level 22. HP: 226/226 MP: 28/28
 39021 | Depths:2 | Reached skill level 15 in Fighting
 39061 | Depths:2 | Found a glowing silver altar of Zin.
 39062 | Depths:2 | Found an ornate altar of the Wu Jian Council.
 39062 | Depths:2 | Found a basalt altar of Yredelemnul.
 39070 | Depths:2 | Found a hazy altar of Hepliaklqana.
 39070 | Depths:2 | Found a snail-covered altar of Cheibriados.
 39070 | Depths:2 | Found a shimmering altar of Xom.
 39623 | Depths:3 | Found a shimmering blue altar of Sif Muna.
 39745 | Depths:3 | Paralysed by a vampire knight for 5 turns
 39846 | Depths:3 | Identified the ring "Etzyumpo" {EV+5 Int+5}
 39969 | Depths:3 | Noticed a golden dragon
 39984 | Depths:3 | Killed a golden dragon
 40128 | Depths:3 | Found Hebleb's Magic Scroll Shop.
 40135 | Depths:3 | Bought a scroll of teleportation for 66 gold pieces
 40135 | Depths:3 | Bought a scroll of blinking for 165 gold pieces
 40200 | Depths:3 | Identified the +2 robe "Jizien" {Harm rC+ Str-3 Archmagi}
 40393 | Depths:3 | Acquired 974 gold pieces
 40754 | Depths:4 | Entered Level 4 of the Depths
 40755 | Depths:4 | Found a transporter.
 40756 | Depths:4 | Noticed a juggernaut
 40761 | Depths:4 | Noticed Jeafe's ghost (veteran HOBe)
 40851 | Depths:4 | Found a transporter.
 40852 | Depths:4 | Found a bloodstained altar of Trog.
 41187 | Depths:4 | Identified the +8 rapier "Ytsos" {freeze, rPois rC+ Int+2}
 41204 | Depths:4 | Identified the orb of Kudaal {*channel, Dex+4 Alchemy}
 41204 | Depths:4 | Noticed Frederick
 41429 | Depths:4 | Noticed Jory
 41440 | Depths:4 | Killed Jory
 41580 | Depths:4 | Killed Frederick
 41846 | Depths:4 | Found a gate to the Realm of Zot.
 42254 | Depths:3 | Voluntarily entered the Abyss.
 42275 | Abyss:2  | Found a corrupted altar of Lugonu.
 42648 | Abyss:3  | Found a corrupted altar of Lugonu.
 42722 | Abyss:4  | Reached XP level 23. HP: 235/235 MP: 29/29
 42755 | Abyss:4  | Found a corrupted altar of Lugonu.
 42759 | Abyss:4  | Found a corrupted altar of Lugonu.
 42759 | Abyss:4  | Found a corrupted altar of Lugonu.
 42831 | Depths:3 | Escaped the Abyss
 42923 | Depths:3 | Voluntarily entered the Abyss.
 42924 | Abyss:4  | Found a corrupted altar of Lugonu.
 42962 | Abyss:5  | NOOOOOOO
 43333 | Abyss:5  | HP: 7/262 [+1 scimitar of holy wrath (12)]
 43345 | Abyss:5  | Found a shimmering altar of Xom.
 43352 | Abyss:5  | Got an abyssal rune of Zot
 43365 | Abyss:5  | HP: 7/181 [green ugly thing (4)]
 43370 | Abyss:5  | Found a corrupted altar of Lugonu.
 43389 | Abyss:6  | HP: 10/228 [large abomination (20)]
 43421 | Abyss:6  | HP: 12/271 [starcursed mass/accursed screaming (7)]
 43424 | Abyss:7  | Entered Level 7 of the Abyss
 43430 | Abyss:7  | HP: 9/191 [Executioner (2)]
 43431 | Abyss:7  | HP: 3/186 [Executioner (2)]
 43431 | Abyss:7  | Slain by an Executioner

Illustrated notes

..... # .....
. .....### #.
.#......#.
..#....#.#
....#..#.##
#.......#
..#...8#.#
........#...
...#.......#..
....##......
.# ..#
.....#.# # .
.#..#....
.#.#...... #
.# .....


Turn 42962 on Abyss:5: NOOOOOOO

Levels and vault maps discovered:
D:1:      reono_arrival_forest_river, layout_basic, hangedman_decor_lopped,
          minmay_misc_feat_square
D:2:      layout_rooms, serial_shops, shop, glass_columns_b,
          minmay_split_cup_large
D:3:      layout_loops_ring, nicolae_overflow_macrodata_refinement,
          lemuel_tele_altar, serial_shops, nicolae_shop_back_alley_shop,
          gammafunk_ghost_nasty_kobolds, nicolae_concentric_dashed_squares_mild,
          dreamdust_princess_corridor
D:4:      layout_basic, gammafunk_ghost_icy, serial_shops, shop
D:5:      layout_basic, general_overflow_altar, grunt_temple_overflow_open,
          uniq_pikel
D:6:      layout_loops_ring, serial_bayou_pond_b
D:7:      layout_loops_ring, minmay_temple_entry_arrows,
          kennysheep_generic_room_15
D:8:      layout_loops_cross, kennysheep_cross_bottleneck, grunt_ministairs_10,
          minmay_shattered_shrine, uniq_maggie
D:9:      minmay_clustersquares, layout_irregular_city,
          mainiacjoe_overflow_tiny_flanked
D:10:     layout_basic, grunt_temple_overflow_order_and_chaos_1, orc_0_dummy,
          uniq_erica
D:11:     layout_basic, dpeg_oklobed_lair, nemelex_diamond_rough_becter
D:12:     layout_irregular_city, serial_bayou, serial_bayou_lagoon_a,
          serial_bayou_pond_b, serial_bayou_ford_a, serial_bayou_pond_a,
          nicolae_trove_entry_crossroad, makhleb_altar_promises_db, uniq_azrael
D:13:     minmay_opposing_rooms, layout_irregular_city, uniq_rupert
D:14:     layout_cave_pools, david_vaults_4, minmay_misc_feat_cross,
          serial_park, serial_park_square2, uniq_lodul
D:15:     grunt_enter_depths_magical_seal, layout_loops_ring, serial_shops,
          shop, minivault_10, nicolae_ru_the_path_less_chosen
Temple:   minmay_temple_curvy_loop
Lair:1:   layout_regular_city, serial_bayou_shore_a, lemuel_fruit_tree
Lair:2:   layout_hall_layers, minmay_shoals_entry_centaurs,
          alex1729_snake_entry_snake, beast_lair_carwin_6, lemuel_fruit_fields
Lair:3:   layout_gridlike, ebering_ghost_reflecting_pool,
          nicolae_lair_liquid_snakes, infiniplex_staircase_pool_2
Lair:4:   layout_cave_pods, serial_bayou_shore_b, grunt_megastairs_3
Lair:5:   minmay_lair_end_enchanted_forest, layout_cellular_growth,
          minmay_slime_entry_eyes, pdpol_lair_cabin_in_the_woods
Shoals:1: cheibrodos_shoals_epimethial_gifts, layout_shoals
Shoals:2: layout_shoals, serial_shops, shop_fountains, nicolae_shoals_loop_pool
Shoals:3: layout_shoals, nicolae_shop_gadgets
Shoals:4: shoals_end_grunt_ice, layout_shoals, nicolae_shop_clearance
Snake:1:  layout_onion, minmay_shop_grove
Snake:2:  layout_cave_pods, nicolae_snake_the_dead_are_slithering,
          uniq_saint_roka
Snake:3:  layout_basic, nicolae_snake_horde_hoard, serial_bayou_shore_b
Snake:4:  snake_pit_salamanders_mu, layout_cave_town,
          nicolae_snake_gridmaze_waves, uniq_donald
Orc:1:    layout_diamond_mine, serial_shops, shop, shop, nicolae_shop_crystal,
          nicolae_shop_drivethru, uniq_harold
Orc:2:    pf_orc_diabolical, layout_caves, serial_shops, shop, uniq_josephine,
          uniq_erolcha, uniq_urug
Vaults:1: v_pattern_5, v_misc_16, grunt_vaults_diagonal, vaults_mumra_lcd,
          hangedman_vaults_stagger, nicolae_vaults_tetromino_T_2, v_misc_30,
          vaults_room_pools, vaults_room_fours, layout_vaults_quadrants,
          serial_shops, nicolae_shop_hallway_stairs, shop,
          nicolae_shop_behind_doors
Vaults:2: nicolae_vaults_closet_pinwheel_1,
          nicolae_vaults_doubleplus_tesselated, nicolae_vaults_meeting,
          v_rooms_2, vaults_room_door_ring, hangedman_vaults_capsules,
          minmay_crypt_entry_simple_walls, hangedman_vaults_pinch,
          nicolae_vaults_trapezoid_1, v_pattern_2,
          ontoclasm_vaults_decontamination, nicolae_vaults_ring_of_whatevers,
          layout_vaults_chaotic_city, serial_shops, nicolae_book_shop_shelving,
          uniq_boris
Vaults:3: portal_desolation_entry_twin_temple,
          vaults_standard_mumra_enter_the_diamond,
          nicolae_vaults_big_angled_halls, nicolae_vaults_network_star,
          st_cross, nicolae_vaults_puzzle_piece, nicolae_vaults_network_s,
          nicolae_vaults_storage_closets_1, nicolae_vaults_apartment_1,
          nicolae_vaults_trapezoid_lopsided_1, nicolae_vaults_storage_closets_2,
          ontoclasm_vaults_gateway, layout_vaults_omnibox
Vaults:4: hangedman_vaults_corner, vaults_room_fours, hangedman_vaults_stream,
          nicolae_vaults_trapezoid_4, nicolae_vaults_cochlea,
          nicolae_vaults_double_plus_1, hangedman_vaults_river_flow,
          nicolae_vaults_taking_the_gang_shopping, nicolae_vaults_wrenched,
          vaults_room_ringed_pool, v_misc_16,
          nicolae_vaults_surprise_closet_hard, nicolae_vaults_tetromino_T_1,
          ontoclasm_vaults_twist, layout_vaults_maze
Crypt:1:  layout_regular_city, serial_library,
          serial_library_hellmonk_angled_corner,
          serial_library_regret_index_split_case,
          serial_library_hellmonk_semicircle,
          serial_library_hellmonk_recessed_alcove,
          serial_library_hellmonk_statue_hall,
          serial_library_regret_index_closets, uniq_josephina
Depths:1: layout_roguey, grunt_hell_entry_demonic_statue, pan_entry,
          abyss_entry, kilobyte_mutagenic_chamber, grunt_megastairs_1,
          serial_bayou_shore_b, serial_bayou_shore_b
Depths:2: cheibrodos_birdhouse, layout_cave_pools, enter_ziggurat_a,
          serial_bayou_pond_d, pan_entry, special_room
          [special_room_mythical_zoo], hangedman_geh_valley,
          minmay_crystal_room, doesnt_xom_only_xom
Depths:3: mu_elephants_graveyard, layout_basic, serial_shops,
          nicolae_shop_statue_plus, abyss_entry_small_statue_room,
          hellmonk_sif_muna_bookshelves, hell_entry, pan_entry, st_stairs_6
Depths:4: grunt_zot_entry_bicorn, layout_cave_shapes, serial_column_ruins,
          column_ruins_portal_squares, column_ruins_hut, column_ruins_open_tiny,
          column_ruins_grid_3, column_ruins_columns_plus, column_ruins_grid_1,
          column_ruins_open_tiny, gammafunk_ghost_wrathful_warriors,
          fountainhead, pf_hell_entry_tar_river, drop_trap, uniq_jory,
          uniq_frederick
Abyss:7:  base: Depths:1, evilmike_abyss_exit_11, minivault_22,
          evilmike_abyss_exit_15, eino_small_chamber_without_monster

Skill      XL: |  1  2  3  4  5  6  7  8  9 10 11 12 13 14 15 16 17 18 19 20 21 22 23 |
---------------+----------------------------------------------------------------------+-----
Unarmed Combat | 4 5 6 7 8 10 11 12 13 15 17 18 19 20 21 23 | 23.3
Shapeshifting  | 4 6 8 9 12 15 16 17 18 19 20 21 22 23 | 23.2
Fighting       | 3 4 5 6 8 9 10 11 12 13 14 15 | 15.4
Dodging        | 3 4 5 6 8 |  8.1
Throwing       | 1 5 7 9 11 12 13 | 13.1
Invocations    | 4 10 | 10.4
Evocations     | 2 5 |  5.4

Action                     |  1- 3 |  4- 6 |  7- 9 | 10-12 | 13-15 | 16-18 | 19-21 | 22-24 || total
---------------------------+-------+-------+-------+-------+-------+-------+-------+-------++-------
  Melee: Unarmed           |    79 |   137 |   240 |   509 |   831 |  1146 |  1130 |   687 ||  4759
         Punch             |     4 |     3 |    15 |    36 |    69 |   100 |   160 |   102 ||   489
  Throw: Dart              |       |       |     5 |       |       |       |       |       ||     5
         Large rock        |       |       |       |     3 |     9 |     7 |     1 |     4 ||    24
 Invoke: Shadow Step       |       |       |       |       |       |     2 |     2 |       ||     4
         Shadow Form       |       |       |       |       |       |     1 |       |     2 ||     3
  Evoke: Wand              |       |       |     4 |     5 |       |       |       |       ||     9
    Use: Potion            |       |     1 |     1 |    13 |     4 |     1 |       |     7 ||    27
         Scroll            |       |       |    15 |     4 |     5 |     3 |     1 |    11 ||    39
   Stab: Sleeping          |       |     5 |     1 |       |     2 |     5 |     6 |       ||    19
         Petrified         |       |       |       |       |     9 |       |       |       ||     9
         Distracted        |       |       |       |       |     1 |     1 |     3 |     1 ||     6
         Petrifying        |       |       |       |       |     1 |       |       |       ||     1
 Armour: Animal skin       |    58 |    80 |       |       |       |       |       |       ||   138
         Skin              |       |     4 |    36 |    47 |   887 |  1400 |  1203 |   732 ||  4309
         Robe              |       |       |   114 |   343 |       |     5 |       |    21 ||   483
  Dodge: Dodged            |    45 |    45 |    67 |   225 |   629 |   940 |   668 |   408 ||  3027
         Repelled          |       |       |       |       |       |       |       |    11 ||    11
  Block: Other             |       |       |       |       |    21 |   287 |   199 |   139 ||   646
         Reflection        |       |       |       |       |     1 |    31 |    12 |     1 ||    45
   Form: Statue            |       |       |       |     2 |       |       |       |       ||     2
         Serpent           |       |       |       |     1 |       |       |       |       ||     1
         Beast             |       |       |       |     1 |       |       |       |       ||     1
